 Dungeon Crawl Stone Soup version 0.29.1-13-g9f3cf754e1 (webtiles) character file.

Game seed: 10901557293042623094

46 JacoesBerries the Conjurer (level 3, -3/19 HPs)
             Began as a Deep Elf Conjurer on Jan 18, 2023.
             Slain by a gnoll
             ... wielding a +2 whip of freezing
              (4 damage)
             ... on level 2 of the Dungeon on Jan 20, 2023.
             The game lasted 00:02:30 (844 turns).

JacoesBerries the Conjurer (Deep Elf Conjurer)       Turns: 844, Time: 00:02:31

Health: -3/19      AC:  2    Str:  4    XL:     3   Next: 46%
Magic:  9/9        EV: 12    Int: 24    God:
Gold:   71         SH:  0    Dex: 13    Spells: 7/8 levels left

rFire   . . .      SeeInvis .   (no weapon)
rCold   . . .      Faith    .   (no shield)
rNeg    . . .      Spirit   .   a - +0 robe
rPois   .          Reflect  .   (no helmet)
rElec   .          Harm     .   (no cloak)
rCorr   .          Rampage  .   (no gloves)
Will    .....                   (no boots)
Stlth   ++........              c - amulet of magic regeneration
HPRegen 0.06/turn               (no ring)
MPRegen 0.51/turn               (no ring)

@: mighty, attractive
A: no striking features
a: no special abilities


You were on level 2 of the Dungeon.
You visited 1 branch of the dungeon, and saw 2 of its levels.

You collected 71 gold pieces.

Inventory:

Armour
 a - a +0 robe (worn)
Magical Staves
 i - a staff of earth
Jewellery
 c - an amulet of magic regeneration (around neck)
Scrolls
 d - 6 scrolls of identify {unknown}
Potions
 b - a potion of magic
 e - a potion of curing {unknown}


   Skills:
 + Level 2.5 Dodging
 + Level 2.5 Stealth
 + Level 3.3 Spellcasting
 + Level 5.5 Conjurations


You had 7 spell levels left.
You knew the following spells:

 Your Spells              Type           Power      Damage    Failure   Level
a - Magic Dart            Conj           100%       1d8       1%          1

Your spell library contained the following spells:

 Spells                   Type           Power      Damage    Failure   Level
 Searing Ray              Conj           60%        2d6       1%          2
 Dazzling Flash           Conj/Hex       34%        N/A       10%         3
 Frozen Ramparts          Ice            6%         1d1       32%         3
 Fulminant Prism          Conj/Hex       8%         3d7       32%         4
 Iskenderun's Mystic Bla  Conj/Tloc      17%        2d5       32%         4
 Ice Form                 Ice/Tmut       3%         N/A       71%         4
 Summon Ice Beast         Ice/Summ       3%         N/A       71%         4


Dungeon Overview and Level Annotations

Branches:
Dungeon (2/15)

Altars:


Message History

The gnoll is moderately wounded.
The magic dart hits the gnoll!
You kill the gnoll!
You can't see any susceptible monsters within range! (Use Z to cast anyway.)
You can't see any susceptible monsters within range! (Use Z to cast anyway.)
You see here a +0 whip.
The gnoll shouts!
You hear a shout!
The gnoll barely misses you.
The magic dart hits the gnoll.
The gnoll is moderately wounded.
The gnoll completely misses you.
The magic dart hits the gnoll.
The gnoll is heavily wounded.
The gnoll hits you with a +2 whip of freezing!
The gnoll freezes you.
* * * LOW HITPOINT WARNING * * *
You are too injured to fight recklessly!
You are too injured to fight recklessly!
The gnoll attacks as you move away!
The gnoll hits you with a +2 whip of freezing.
* * * LOW HITPOINT WARNING * * *
The gnoll freezes you.
* * * LOW HITPOINT WARNING * * *
Unknown command.
You are too injured to fight recklessly!
It was a potion of might.
You feel very mighty all of a sudden.
The gnoll hits you with a +2 whip of freezing.
* * * LOW HITPOINT WARNING * * *
The gnoll freezes you.
* * * LOW HITPOINT WARNING * * *
It was a potion of attraction.
You feel attractive to monsters. The gnoll closely misses you.
You see here a +0 whip.
As you read the scroll labelled GEFEZX POKLOLA, it crumbles to dust.
It is a scroll of amnesia.
Okay, then.
The gnoll hits you with a +2 whip of freezing.
You die...

.
####......##.###.
# ##..#).......#
##.###.##.###.
#.#####...#
#####.#...####
#.......#.#
#####...# #.###
#@# #g#####
###.....#
#..#.##..#
#..##.# #
#....##....#
#..##. .##.#
.#.## .##..# #...
....##


You could see a gnoll.

Vanquished Creatures
  2 gnolls (D:2)
  A worm (D:2)
  A dart slug (D:1)
  2 bats (D:1)
  3 endoplasms (D:1)
  2 giant cockroaches (D:1)
  3 goblins (D:1)
  A quokka (D:1)
  3 ball pythons (D:1)
  A frilled lizard (D:1)
  2 kobolds (D:1)
  A rat (D:1)
22 creatures vanquished.

Notes
Turn   | Place    | Note
-------+----------+-------------------------------------------
     0 | D:1      | JacoesBerries the Deep Elf Conjurer began the quest for the
                  | Orb.
     0 | D:1      | Reached XP level 1. HP: 10/10 MP: 6/6
   285 | D:1      | Reached XP level 2. HP: 15/15 MP: 5/8
   453 | D:1      | Reached skill level 5 in Conjurations
   473 | D:1      | Upgraded the game from 0.29.1-12-g30fa7ad0bf to
                  | 0.29.1-13-g9f3cf754e1
   813 | D:2      | Reached XP level 3. HP: 19/19 MP: 6/9
   844 | D:2      | Slain by a gnoll

Illustrated notes

Levels and vault maps discovered:
D:1:      dpeg_arrival_three_smaller_balls, layout_loops_ring
D:2:      layout_loops_ring, hellmonk_ecumenical_altar_lost_god,
          nicolae_eternal_life, grunt_ministairs_10

Skill      XL: |  1  2 |
---------------+-------+-----
Conjurations   | 5 |  5.5
Dodging        | |  2.5
Stealth        | |  2.5
Spellcasting   | |  3.3

Action                   || total
-------------------------++-------
 Cast: Magic Dart        ||    47
  Use: Potion            ||     2
       Scroll            ||     1
Armor: Robe              ||     1
Dodge: Dodged            ||     4
